PAA
TACOMA FUR TRADERS @ MERCER ISLAND SCREAMING EAGLES
08/08/2030
 
TOP OF THE 1ST
Tacoma Fur Traders batting - Pitching for Mercer Island Screaming Eagles : RHP Victor Lustig
Pitching: RHP Victor Lustig
Batting: RHB Roberto Aguirre 0-0: Swinging Strike
0-1: Ball
1-1: Ball
2-1: Called Strike
2-2: Ball
3-2: Foul Ball, location: 2F
3-2: Foul Ball, location: 2F
3-2: Foul Ball, location: 2F
3-2: Foul Ball, location: 2F
3-2: Strikes out swinging
Batting: RHB Jonathan Barnett 0-0: Ball
1-0: Called Strike
1-1: Ball
2-1: Fly out, F6 (Line Drive, 56)
Batting: LHB Yao-pang Chiang 0-0: Ball
1-0: Fly out, F8 (Line Drive, 8RM)
Top of the 1st over - 0 runs, 0 hits, 0 errors, 0 left on base; Tacoma 0 - Mercer Island 0
BOTTOM OF THE 1ST
Mercer Island Screaming Eagles batting - Pitching for Tacoma Fur Traders : LHP Manuel Paílla
Pitching: LHP Manuel Paílla
Batting: RHB Harry Freidricks 0-0: Ball
1-0: Fly out, F8 (Flyball, 8LM)
Batting: RHB Shizuo Heiwajaima 0-0: Ball
1-0: SINGLE (Flyball, 78S)
Batting: RHB Raúl Moreno 0-0: Ball
1-0: Swinging Strike
1-1: Ball
2-1: Ball
3-1: Called Strike
3-2: Base on Balls
Shizuo Heiwajaima to second
Batting: RHB Jeffery Campbell 0-0: Called Strike
0-1: Swinging Strike
0-2: Hit by Pitch
Shizuo Heiwajaima to third
Raúl Moreno to second
Batting: SHB Ray Davis 0-0: Ball
1-0: Swinging Strike
1-1: Fly out, F8 (Flyball, 8LM)
Runner from 3rd tags up, SCORES, throw made
Batting: LHB Jorge Pérez 0-0: Fly out, F7 (Flyball, 78M)
Bottom of the 1st over - 1 run, 1 hit, 0 errors, 2 left on base; Tacoma 0 - Mercer Island 1
TOP OF THE 2ND
Tacoma Fur Traders batting - Pitching for Mercer Island Screaming Eagles : RHP Victor Lustig
Batting: RHB Gustavo González 0-0: Ball
1-0: Ball
2-0: Called Strike
2-1: Ball
3-1: Ground out 5-3 (Groundball, 5S)
Batting: RHB Jason Alston 0-0: Fly out, F8 (Flyball, 78D)
Batting: RHB Stan Wheeler 0-0: DOUBLE (Line Drive, 78XD)
Batting: RHB Bill Perkins 0-0: Called Strike
0-1: Foul Ball, location: 2F
0-2: Fly out, F9 (Line Drive, 9)
Top of the 2nd over - 0 runs, 1 hit, 0 errors, 1 left on base; Tacoma 0 - Mercer Island 1
BOTTOM OF THE 2ND
Mercer Island Screaming Eagles batting - Pitching for Tacoma Fur Traders : LHP Manuel Paílla
Batting: RHB Giobbe Bastedo 0-0: Ball
1-0: Called Strike
1-1: Called Strike
1-2: Ball
2-2: Ball
3-2: Foul Ball, location: 2F
3-2: Foul Ball, location: 2F
3-2: Foul Ball, location: 2F
3-2: Strikes out looking
Batting: RHB Stanley van de Ven 0-0: Called Strike
0-1: Called Strike
0-2: Ball
1-2: Strikes out swinging
Batting: RHB Wade Killefer 0-0: Foul Ball, location: 2F
0-1: Ball
1-1: Called Strike
1-2: Foul Ball, location: 2F
1-2: Foul Ball, location: 2F
1-2: Ball
2-2: SINGLE (Groundball, 56D)
Batting: RHB Harry Freidricks 0-0: Ball
1-0: Called Strike
1-1: Ground out U3 (Groundball, 3L)
Bottom of the 2nd over - 0 runs, 1 hit, 0 errors, 1 left on base; Tacoma 0 - Mercer Island 1
TOP OF THE 3RD
Tacoma Fur Traders batting - Pitching for Mercer Island Screaming Eagles : RHP Victor Lustig
Batting: RHB Jeremy Geertsen 0-0: Ball
1-0: Swinging Strike
1-1: Ground out 6-3 (Groundball, 6)
Batting: RHB Sherman N'Dir 0-0: Foul Ball, location: 2F
0-1: Ball
1-1: Ground out 5-3 (Groundball, 56S)
Batting: RHB Roberto Aguirre 0-0: Swinging Strike
0-1: Ball
1-1: Foul Ball, location: 2F
1-2: Foul Ball, location: 2F
1-2: Ball
2-2: Ball
3-2: SINGLE (Groundball, 3D)
Batting: RHB Jonathan Barnett 0-0: Called Strike
0-1: Foul Ball, location: 2F
0-2: Ball
1-2: Ball
2-2: Strikes out looking
Top of the 3rd over - 0 runs, 1 hit, 0 errors, 1 left on base; Tacoma 0 - Mercer Island 1
BOTTOM OF THE 3RD
Mercer Island Screaming Eagles batting - Pitching for Tacoma Fur Traders : LHP Manuel Paílla
Batting: RHB Shizuo Heiwajaima 0-0: Ball
1-0: Foul Ball, location: 2F
1-1: Called Strike
1-2: Ball
2-2: SINGLE (Flyball, 89M)
Batting: RHB Raúl Moreno 0-0: Called Strike
0-1: Called Strike
0-2: Fly out, F5 (Line Drive, 56)
Batting: RHB Jeffery Campbell 0-0: Ball
1-0: Reached on error, E4 (Groundball, 4D)
Shizuo Heiwajaima to second
Batting: SHB Ray Davis 0-0: Ball
Throwing error on steal attempt, E2
Shizuo Heiwajaima scores
Jeffery Campbell to third
1-0: Ball
2-0: Ball
3-0: Base on Balls
Batting: LHB Jorge Pérez 0-0: SINGLE (Groundball, 4D)
Jeffery Campbell scores
Ray Davis to second
Batting: RHB Giobbe Bastedo 0-0: Ball
1-0: Called Strike
1-1: Foul Ball, location: 2F
1-2: Strikes out looking
Batting: RHB Stanley van de Ven 0-0: Ball
1-0: Called Strike
1-1: DOUBLE (Line Drive, 78D)
Ray Davis scores
Jorge Pérez to third
Batting: RHB Wade Killefer 0-0: Called Strike
0-1: Called Strike
0-2: Foul Ball, location: 2F
0-2: Foul Ball, location: 2F
0-2: Ball
1-2: Ball
2-2: Strikes out swinging
Bottom of the 3rd over - 3 runs, 3 hits, 2 errors, 2 left on base; Tacoma 0 - Mercer Island 4
TOP OF THE 4TH
Tacoma Fur Traders batting - Pitching for Mercer Island Screaming Eagles : RHP Victor Lustig
Batting: LHB Yao-pang Chiang 0-0: Ball
1-0: Ball
2-0: Ball
3-0: Called Strike
3-1: Swinging Strike
3-2: Strikes out swinging
Batting: RHB Gustavo González 0-0: Ball
1-0: Ball
2-0: Ball
3-0: Called Strike
3-1: Swinging Strike
3-2: Strikes out swinging
Batting: RHB Jason Alston 0-0: Ball
1-0: Ball
2-0: Ball
3-0: Called Strike
3-1: Foul Ball, location: 2F
3-2: Strikes out swinging
Top of the 4th over - 0 runs, 0 hits, 0 errors, 0 left on base; Tacoma 0 - Mercer Island 4
BOTTOM OF THE 4TH
Mercer Island Screaming Eagles batting - Pitching for Tacoma Fur Traders : LHP Manuel Paílla
Batting: RHB Harry Freidricks 0-0: Ball
1-0: Swinging Strike
1-1: Foul Ball, location: 2F
1-2: Foul Ball, location: 2F
1-2: Ball
2-2: Foul Ball, location: 2F
2-2: Fly out, F3 (Popup, 34)
Batting: RHB Shizuo Heiwajaima 0-0: Ball
1-0: Foul Ball, location: 2F
1-1: Ball
2-1: Called Strike
2-2: Foul Ball, location: 2F
2-2: Ball
3-2: SINGLE (Line Drive, 56D)
Batting: RHB Raúl Moreno 0-0: Called Strike
Shizuo Heiwajaima steals 2nd base
0-1: Foul Ball, location: 2F
0-2: Ball
1-2: Fly out, F5 (Line Drive, 5S)
Batting: RHB Jeffery Campbell 0-0: Foul Ball, location: 2F
0-1: Swinging Strike
0-2: Ball
1-2: SINGLE (Groundball, 56D)
Shizuo Heiwajaima to third
Runner from 3rd tries for Home, SAFE, no throw
Batting: SHB Ray Davis 0-0: Foul Ball, location: 2F
0-1: Ball
1-1: Ball
2-1: Called Strike
2-2: Foul Ball, location: 2F
2-2: Foul Ball, location: 2F
2-2: Foul Ball, location: 2F
2-2: Foul Ball, location: 2F
2-2: Foul Ball, location: 2F
2-2: Ball
3-2: Foul Ball, location: 2F
3-2: SINGLE (Groundball, 34) (infield hit)
Jeffery Campbell to second
Batting: LHB Jorge Pérez 0-0: SINGLE (Flyball, 7LM)
Jeffery Campbell to third
Ray Davis to second
Runner from 3rd tries for Home, SAFE, no throw
Batting: RHB Giobbe Bastedo 0-0: Called Strike
0-1: Foul Ball, location: 2F
0-2: Strikes out swinging
Bottom of the 4th over - 2 runs, 4 hits, 0 errors, 2 left on base; Tacoma 0 - Mercer Island 6
TOP OF THE 5TH
Tacoma Fur Traders batting - Pitching for Mercer Island Screaming Eagles : RHP Victor Lustig
Batting: RHB Stan Wheeler 0-0: Called Strike
0-1: Foul Ball, location: 2F
0-2: Strikes out swinging
Batting: RHB Bill Perkins 0-0: Foul Ball, location: 2F
0-1: Swinging Strike
0-2: Strikes out swinging
Batting: RHB Jeremy Geertsen 0-0: Ball
1-0: Foul Ball, location: 2F
1-1: Fly out, F7 (Line Drive, 78S)
Top of the 5th over - 0 runs, 0 hits, 0 errors, 0 left on base; Tacoma 0 - Mercer Island 6
BOTTOM OF THE 5TH
Mercer Island Screaming Eagles batting - Pitching for Tacoma Fur Traders : LHP Manuel Paílla
Batting: RHB Stanley van de Ven 0-0: Foul Ball, location: 2F
0-1: Swinging Strike
0-2: Foul Ball, location: 2F
0-2: Foul Ball, location: 2F
0-2: Ground out 6-3 (Groundball, 6)
Batting: RHB Wade Killefer 0-0: Ball
1-0: Ball
2-0: Ball
3-0: Base on Balls
Pitching: RHP Wendell Clingan
Batting: RHB Harry Freidricks 0-0: Foul Ball, location: 2F
0-1: Foul Ball, location: 2F
0-2: Ball
1-2: Ball
2-2: Ground out 4-3 (Groundball, 4S)
Wade Killefer to second
Batting: RHB Shizuo Heiwajaima 0-0: Ball
1-0: Ball
2-0: Foul Ball, location: 2F
2-1: SINGLE (Line Drive, 8LS)
Wade Killefer to third
Runner from 3rd tries for Home, SAFE, no throw
Batting: RHB Raúl Moreno 0-0: Ball
1-0: Ball
2-0: Foul Ball, location: 2F
2-1: Ball
3-1: Foul Ball, location: 2F
3-2: Base on Balls
Shizuo Heiwajaima to second
Batting: RHB Jeffery Campbell 0-0: Ball
1-0: Fielders Choice at 2nd, 6-4 (Groundball, 6D)
Bottom of the 5th over - 1 run, 1 hit, 0 errors, 2 left on base; Tacoma 0 - Mercer Island 7
TOP OF THE 6TH
Tacoma Fur Traders batting - Pitching for Mercer Island Screaming Eagles : RHP Victor Lustig
Batting: RHB Sherman N'Dir 0-0: Ball
1-0: Called Strike
1-1: Called Strike
1-2: Ball
2-2: Fly out, F7 (Flyball, 78M)
Batting: RHB Roberto Aguirre 0-0: Called Strike
0-1: Called Strike
0-2: Foul Ball, location: 2F
0-2: Strikes out swinging
Batting: RHB Jonathan Barnett 0-0: Foul Ball, location: 2F
0-1: Foul Ball, location: 2F
0-2: Strikes out swinging
Top of the 6th over - 0 runs, 0 hits, 0 errors, 0 left on base; Tacoma 0 - Mercer Island 7
BOTTOM OF THE 6TH
Mercer Island Screaming Eagles batting - Pitching for Tacoma Fur Traders : RHP Wendell Clingan
Batting: SHB Ray Davis 0-0: Ball
1-0: Called Strike
1-1: Swinging Strike
1-2: Ball
2-2: Strikes out swinging
Batting: LHB Jorge Pérez 0-0: Called Strike
0-1: Fly out, F4 (Line Drive, 4)
Batting: RHB Giobbe Bastedo 0-0: Foul Ball, location: 2F
0-1: Called Strike
0-2: Ball
1-2: Ball
2-2: Foul Ball, location: 2F
2-2: Foul Ball, location: 2F
2-2: Ball
3-2: Foul Ball, location: 2F
3-2: Fly out, F8 (Flyball, 8LS)
Bottom of the 6th over - 0 runs, 0 hits, 0 errors, 0 left on base; Tacoma 0 - Mercer Island 7
TOP OF THE 7TH
Tacoma Fur Traders batting - Pitching for Mercer Island Screaming Eagles : RHP Victor Lustig
Batting: LHB Yao-pang Chiang 0-0: Ball
1-0: Called Strike
1-1: Reached on error, E3 (Groundball, 3S)
Batting: RHB Gustavo González 0-0: Called Strike
0-1: Swinging Strike
0-2: Ball
Wild Pitch!
Yao-pang Chiang to second
1-2: Ball
2-2: Ball
3-2: Base on Balls
Batting: RHB Jason Alston 0-0: Ball
1-0: Swinging Strike
1-1: Called Strike
1-2: Ball
2-2: Strikes out swinging
Batting: RHB Stan Wheeler 0-0: Fly out, F9 (Flyball, 9LSF)
Batting: RHB Bill Perkins 0-0: Ball
1-0: Fly out, F5 (Popup, 56)
Top of the 7th over - 0 runs, 0 hits, 1 error, 2 left on base; Tacoma 0 - Mercer Island 7
BOTTOM OF THE 7TH
Mercer Island Screaming Eagles batting - Pitching for Tacoma Fur Traders : RHP Wendell Clingan
Batting: RHB Stanley van de Ven 0-0: Ball
1-0: Swinging Strike
1-1: Fly out, F8 (Flyball, 78D)
Batting: RHB Wade Killefer 0-0: Called Strike
0-1: Ball
1-1: Swinging Strike
1-2: Ball
2-2: Foul Ball, location: 2F
2-2: Ground out 4-3 (Groundball, 4)
Batting: RHB Harry Freidricks 0-0: Ball
1-0: Called Strike
1-1: Fly out, F8 (Flyball, 8RD)
Bottom of the 7th over - 0 runs, 0 hits, 0 errors, 0 left on base; Tacoma 0 - Mercer Island 7
TOP OF THE 8TH
Tacoma Fur Traders batting - Pitching for Mercer Island Screaming Eagles : RHP Victor Lustig
Batting: RHB Jeremy Geertsen 0-0: Called Strike
0-1: Ball
1-1: SINGLE (Groundball, 56D)
Batting: RHB Sherman N'Dir 0-0: Swinging Strike
0-1: Ball
1-1: Ball
2-1: Foul Ball, location: 2F
2-2: Foul Ball, location: 2F
2-2: Foul Ball, location: 2F
2-2: Fly out, F9 (Flyball, 89M)
Batting: RHB Roberto Aguirre 0-0: Fly out, F8 (Flyball, 78M)
Batting: RHB Jonathan Barnett 0-0: Called Strike
0-1: Ball
1-1: Ground out 4-3 (Groundball, 4)
Top of the 8th over - 0 runs, 1 hit, 0 errors, 1 left on base; Tacoma 0 - Mercer Island 7
BOTTOM OF THE 8TH
Mercer Island Screaming Eagles batting - Pitching for Tacoma Fur Traders : RHP Wendell Clingan
Batting: RHB Shizuo Heiwajaima 0-0: Ball
1-0: Foul Ball, location: 2F
1-1: Swinging Strike
1-2: Ball
2-2: Strikes out swinging
Batting: RHB Raúl Moreno 0-0: Ball
1-0: Foul Ball, location: 2F
1-1: Ball
2-1: Swinging Strike
2-2: Ball
3-2: Foul Ball, location: 2F
3-2: Fly out, F8 (Flyball, 8LM)
Batting: RHB Jeffery Campbell 0-0: Ball
1-0: Ground out 5-3 (Groundball, 5)
Bottom of the 8th over - 0 runs, 0 hits, 0 errors, 0 left on base; Tacoma 0 - Mercer Island 7
TOP OF THE 9TH
Tacoma Fur Traders batting - Pitching for Mercer Island Screaming Eagles : RHP Victor Lustig
Batting: LHB Yao-pang Chiang 0-0: Called Strike
0-1: Foul Ball, location: 2F
0-2: Ball
1-2: Ball
2-2: Ball
3-2: Foul Ball, location: 2F
3-2: Base on Balls
Batting: RHB Gustavo González 0-0: Called Strike
0-1: Foul Ball, location: 2F
0-2: Foul Ball, location: 2F
0-2: Ball
1-2: Grounds into double play, 5-4-3 (Groundball, 56)
Batting: RHB Jason Alston 0-0: Ball
1-0: Foul Ball, location: 2F
1-1: DOUBLE (Line Drive, 78XD)
Batting: RHB Stan Wheeler 0-0: Called Strike
0-1: Ball
1-1: Swinging Strike
1-2: Foul Ball, location: 2F
1-2: Ball
2-2: SINGLE (Groundball, 6MD)
Jason Alston to third
Batting: RHB Bill Perkins 0-0: Ball
1-0: Fly out, F7 (Flyball, 7S)
Top of the 9th over - 0 runs, 2 hits, 0 errors, 2 left on base; Tacoma 0 - Mercer Island 7
Sunday, March 18th, 2018 - OOTP Baseball 18.8 Build 76